AoeStats
← 拳打南山敬老院

Arena

506375893Analyzed
4v4 RM · 19d ago on Sep 13, 2026· 47m 50s· 8 players
Game mode
Random Map
Map size
Large (8 player)
Population
200
Speed
Normal
Resources
Standard
Victory
Conquest
Starting age
Dark Age
Ending age
Imperial Age
RankedLock teamsTeams togetherTeam positionsShared explorationLock speedFull tech treeHidden civsTurbo modeCheats
Victory
Defeat
🇺🇸 Italians · United States
1071
+16
🇬🇧 Koreans · United Kingdom
1067
+16
🇹🇷 Spanish · Türkiye
1061
+16
🇸🇪 Khmer · Sweden
1044
+16
🇨🇳 Britons · China
1094
-17
🇭🇰 Mongols · Hong Kong SAR China
1066
-16
🇻🇳 Franks · Vietnam
1054
-16
🇨🇴 Japanese · Colombia
1043
-15
Searching for food
11:14 Feudal Age
15:45 Castle Age
17:14 Double-Bit Axe
17:26 Fletching
18:24 Bow Saw
19:47 Horse Collar
21:53 Loom
22:25 Bodkin Arrow
35:26 Imperial Age
34:35 Wheelbarrow
33:45 Town Watch
34:22 Heavy Plow
35:46 Scale Mail Armor
35:57 Forging
36:46 Chain Mail Armor
37:28 Gambesons
37:44 Squires
39:27 Plate Mail Armor
40:52 Eupseong
41:13 Conscription
41:12 Hand Cart
43:00 Elite Fire Lancer
47:24 Iron Casting
49 Food
5:03 Loom
12:51 Feudal Age
13:27 Town Watch
13:30 Double-Bit Axe
21:14 Castle Age
19:23 Horse Collar
21:28 Gold Mining
21:28 Stone Mining
28:33 Imperial Age
28:11 Bow Saw
28:46 Wheelbarrow
29:55 Heavy Plow
32:44 Conscription
32:31 Treadmill Crane
33:13 Ballistics
33:54 Chemistry
34:14 Hand Cart
33:53 Fletching
34:05 Scale Mail Armor
34:15 Forging
35:29 Two-Man Saw
37:30 Hoardings
37:10 Masonry
37:03 Bodkin Arrow
37:18 Scale Barding Armor
37:49 Iron Casting
37:13 Light Cavalry
37:49 Hussar
38:40 Bloodlines
38:30 Husbandry
40:11 Blast Furnace
39:31 Chain Barding Armor
40:18 Fortified Wall
40:41 Architecture
40:56 Plate Barding Armor
41:41 Bracer
41:48 Town Patrol
47:03 Cavalier
WarLorD
11:15 Feudal Age
16:39 Castle Age
14:45 Double-Bit Axe
16:02 Loom
16:02 Horse Collar
17:45 Padded Archer Armor
17:49 Gold Mining
23:29 Leather Archer Armor
23:09 Stone Mining
23:59 Wheelbarrow
25:29 Fletching
27:12 Redemption
27:25 Sanctity
27:16 Heavy Plow
29:07 Fervor
32:25 Imperial Age
35:07 Ring Archer Armor
34:54 Bow Saw
37:20 Block Printing
37:28 Hand Cart
38:29 Bloodlines
38:27 Scale Barding Armor
39:28 Two-Man Saw
38:24 Elite Conquistador
40:09 Husbandry
39:31 Light Cavalry
40:54 Chain Barding Armor
40:45 Forging
40:37 Town Watch
41:50 Supremacy
41:33 Inquisition
41:57 Conscription
42:13 Hoardings
42:29 Plate Barding Armor
43:23 Iron Casting
42:18 Hussar
47:11 Chemistry
46:32 Ballistics
46:23 Masonry
46:09 Murder Holes
46:26 Fortified Wall
46:02 Arrowslits
49:05 Blast Furnace
dee snuts
10:32 Feudal Age
11:29 Horse Collar
11:35 Double-Bit Axe
16:05 Castle Age
16:12 Wheelbarrow
16:58 Bow Saw
16:49 Heavy Plow
23:43 Hand Cart
24:13 Gold Mining
25:48 Gold Shaft Mining
26:12 Scale Barding Armor
27:26 Chain Barding Armor
27:10 Stone Mining
28:09 Bloodlines
28:00 Husbandry
27:20 Light Cavalry
31:40 Imperial Age
30:00 Forging
30:16 Ballistics
30:38 Stone Shaft Mining
32:28 Siege Engineers
33:23 Chemistry
31:53 Capped Ram
33:03 Heavy Scorpion
33:16 Siege Ram
34:56 Hussar
36:50 Crop Rotation
37:23 Plate Barding Armor
37:24 Iron Casting
37:21 Masonry
37:21 Fortified Wall
38:09 Conscription
37:52 Double Crossbow
38:13 Conscription
48:33 Architecture
47:58 Murder Holes
49:06 Blast Furnace
76561198443206480
11:18 Feudal Age
15:44 Castle Age
14:48 Double-Bit Axe
14:45 Horse Collar
15:27 Stone Mining
23:34 Wheelbarrow
24:42 Fletching
24:53 Padded Archer Armor
24:57 Gold Mining
25:07 Elite Skirmisher
25:40 Loom
27:51 Gold Shaft Mining
31:58 Imperial Age
29:54 Leather Archer Armor
31:24 Bow Saw
31:41 Bodkin Arrow
32:16 Ballistics
33:39 Bracer
34:09 Ring Archer Armor
34:49 Chemistry
35:25 Hand Cart
36:07 Conscription
36:07 Yeomen
38:27 Siege Engineers
39:40 Crossbowman
40:34 Town Watch
40:29 Arbalester
拳打南山敬老院
10:08 Feudal Age
12:36 Horse Collar
17:24 Castle Age
15:44 Double-Bit Axe
16:27 Stone Mining
17:24 Gold Mining
20:49 Loom
25:01 Fletching
25:51 Wheelbarrow
30:35 Imperial Age
28:58 Husbandry
29:02 Padded Archer Armor
29:51 Bloodlines
30:59 Hand Cart
31:09 Ballistics
30:48 Bodkin Arrow
31:38 Leather Archer Armor
33:16 Conscription
34:25 Parthian Tactics
34:06 Thumb Ring
35:45 Bracer
37:48 Chemistry
38:30 Forging
38:25 Scale Barding Armor
38:02 Elite Steppe Lancer
41:43 Iron Casting
41:28 Chain Barding Armor
44:22 Blast Furnace
43:44 Chain Barding Armor
45:25 Blast Furnace
ian.7473
11:27 Feudal Age
15:36 Castle Age
14:46 Horse Collar
14:52 Double-Bit Axe
15:41 Gold Mining
17:11 Loom
17:39 Bow Saw
23:36 Loom
26:40 Stone Mining
29:12 Wheelbarrow
29:03 Elite Skirmisher
29:55 Fletching
33:34 Bodkin Arrow
34:38 Padded Archer Armor
39:00 Treadmill Crane
42:37 Thumb Ring
42:06 Pikeman
42:47 Scale Mail Armor
44:01 Forging
44:32 Gold Shaft Mining
44:23 Heavy Plow
45:19 Chain Mail Armor
46:05 Iron Casting
47:14 Hand Cart
phaple295
10:30 Feudal Age
8:52 Loom
14:09 Wheelbarrow
16:06 Castle Age
16:38 Double-Bit Axe
16:50 Gold Mining
19:58 Stone Mining
30:06 Forging
29:57 Pikeman
32:17 Scale Mail Armor
Connection lost

Rejoining the realm…

Still unreachable

The connection could not be restored.

Session expired

The server has moved on; the page needs a fresh start.